 Dungeon Crawl Stone Soup version 0.22.1-2-g9c5b331 (webtiles) character file.

333 HoaS the Skirmisher (level 6, -10/40 HPs)
             Began as a Gargoyle Fighter on Dec 16, 2018.
             Mangled by Menkaure (11 damage)
             ... on level 4 of the Dungeon.
             The game lasted 00:10:51 (3077 turns).

HoaS the Skirmisher (Gargoyle Fighter)              Turns: 3077, Time: 00:10:52

Health: -10/40     AC: 13    Str: 25    XL:     6   Next: 53%
Magic:  6/6        EV:  6    Int:  8    God:
Gold:   173        SH: 11    Dex: 11    Spells: 5/5 levels left

rFire    . . .     SeeInvis .   a - +0 flail
rCold    . . .     Gourm    .   c - +1 shield
rNeg     + . .     Faith    .   i - +0 chain mail
rPois    ∞         Spirit   .   (no helmet)
rElec    +         Reflect  .   (no cloak)
rCorr    .         Harm     .   (no gloves)
MR       .....                  (no boots)
Stlth    ..........             (no amulet)
HPRegen  0.13/turn              (no ring)
MPRegen  0.10/turn              (no ring)

@: mighty
A: negative energy resistance 1, electricity resistance, unbreathing,
petrification resistance, rot immunity, AC +4
a: no special abilities


You were on level 4 of the Dungeon.
You were not hungry.

You visited 1 branch of the dungeon, and saw 4 of its levels.
You also visited: Sewer.

You collected 173 gold pieces.

Inventory:

Hand Weapons
 a - a +0 flail (weapon)
Armour
 c - a +1 shield (worn)
 i - a +0 chain mail (worn)
Wands
 n - a wand of clouds (4)
Scrolls
 j - 3 scrolls of teleportation
 k - a scroll of amnesia {unknown}
 m - a scroll of enchant armour
 p - 2 scrolls of random uselessness
 q - a scroll of remove curse
 r - a scroll of fog
 t - 2 scrolls of fear
Potions
 b - a potion of lignification {unknown}
 e - 2 potions of curing {unknown}
 h - a potion of agility {unknown}
 l - a potion of resistance {unknown}
 o - 3 potions of degeneration {unknown}
 s - a potion of mutation {unknown}
 u - a potion of flight {unknown}
 v - a potion of invisibility {unknown}
Comestibles
 f - 9 rations
 g - 6 chunks of flesh


   Skills:
 * Level 4.9 Fighting
 * Level 4.7 Maces & Flails
 + Level 4.1 Armour
 + Level 4.1 Shields


You had 5 spell levels left.
You didn't know any spells.
Your spell library was empty.

Dungeon Overview and Level Annotations

Branches:
Dungeon (4/15)
 Temple: D:4-7

Altars:

Annotations:
D:4 Menkaure


Innate Abilities, Weirdness & Mutations

You are resistant to torment.
Your stone body is resilient. (AC +4)
You are immune to poison.
You resist negative energy. (rN+)
You are resistant to electric shocks. (rElec)
You can survive without breathing.
You are immune to petrification.
You are immune to rotting.


Message History

Your body is wracked with pain!
You feel very mighty all of a sudden. The orc barely misses you.
You block the orc's attack.
The orc priest miscasts a cantrip.
Your shield prevents you from hitting the orc.
The orc is heavily wounded.
You block the orc's attack. The orc closely misses you.
You hit the orc.
The orc is severely wounded.
You block the orc's attack.
The orc priest calls down the wrath of Beogh upon you.
Beogh smites you!
* * * LOW HITPOINT WARNING * * *
Menkaure hits you but does no damage. The orc hits you with a falchion.
* * * LOW HITPOINT WARNING * * *
The orc priest miscasts a cantrip.
You sock the orc!
You kill the orc!
Menkaure hits you!
You die...

*,,,*,,,...............#,,,,#..
*,,,+,,,...............#,,,,#..
*,,,*,,,...............#*+**#..
*,,,*,,,...............#,,,,#..
*+***,,,...............#,,,,+..
*,,,***#########.......#,,,,#..
*,,,,,,........'.......#,,,,#>.
*,,,,,,........#.......+,,,,#..
*,,,,,,......o@#.......######..
*,,,,,,......M)#...............
*,,,,,,.......o########.....)[[
*,,,,,,.##.....##.....#......).
*,,,,,,,##....o##.....#........
*,,,,,,......(...o....#........
*,,,,,,...............#........
*,,,,,,........##o....#........
*,,,,,,.#########.....#######..


You could see Menkaure, an orc priest and 2 orcs.

Vanquished Creatures
  A centaur skeleton (D:4)
  An orc wizard (D:4)
  An iguana (D:4)
  4 gnolls (D:2)
  7 adders
  A shadow imp (D:3)
  3 oozes
  An adder skeleton (D:4)
  5 worms
  2 dart slugs (D:1)
  5 leopard geckos
  10 orcs
  3 ball pythons
  5 giant cockroaches
  6 goblins
  6 hobgoblins
  8 jackals
  2 quokkas (D:3)
  15 bats
  4 frilled lizards
  7 kobolds
  2 rats
99 creatures vanquished.

Notes
Turn   | Place    | Note
-------+----------+-------------------------------------------
     0 | D:1      | HoaS the Gargoyle Fighter began the quest for the Orb.
     0 | D:1      | Reached XP level 1. HP: 14/14 MP: 1/1
   101 | D:1      | Reached XP level 2. HP: 18/19 MP: 2/2
   443 | D:1      | Reached XP level 3. HP: 23/23 MP: 3/3
   831 | D:2      | Reached XP level 4. HP: 18/29 MP: 4/4
  1098 | D:2      | Reached XP level 5. HP: 31/33 MP: 5/5
  2211 | D:4      | Reached XP level 6. HP: 18/39 MP: 6/6
  2358 | D:4      | Found a glowing drain.
  2362 | Sewer    | Entered a sewer
  3052 | D:4      | Noticed Menkaure
  3076 | D:4      | HP: 2/40 [orc priest/divine providence (10)]
  3077 | D:4      | Mangled by Menkaure

Skill      XL: |  1  2  3  4  5  6 |
---------------+-------------------+-----
Maces & Flails | 3 4 |  4.7
Fighting       | 4 |  4.9
Armour         | 4 |  4.1
Shields        | 4 |  4.1

Action                   |  1- 3 |  4- 6 || total
-------------------------+-------+-------++-------
Melee: Flail             |   143 |   290 ||   433
  Use: Scroll            |     3 |     7 ||    10
       Potion            |       |     1 ||     1
  Eat: Chunk             |       |     8 ||     8
Armor: Scale mail        |    43 |       ||    43
       Chain mail        |    74 |   208 ||   282
Dodge: Dodged            |    34 |    91 ||   125
Block: Shield            |    96 |   209 ||   305
